 Dungeon Crawl Stone Soup version 0.27-a0-1500-g450c7e4133 (webtiles) character file.

Game seed: 2268155365360879118

16 lunkers the Insei (level 2, -1/23 HPs)
             Began as a Djinni Warper on July 7, 2021.
             Slain by a kobold (4 damage)
             ... on level 1 of the Dungeon.
             The game lasted 00:01:27 (690 turns).

lunkers the Insei (Djinni Warper)                    Turns: 690, Time: 00:01:28

Health: -1/23      AC:  3    Str: 10    XL:     2   Next: 70%
Gold:   11         EV: 12    Int: 14    God:
                   SH:  0    Dex: 18

rFire    + + .     SeeInvis .     - Unarmed
rCold    x . .     Faith    .   (no shield)
rNeg     . . .     Spirit   .   a - +0 leather armour
rPois    ∞         Reflect  .   (no helmet)
rElec    .         Harm     .   (no cloak)
rCorr    .         Rampage  .   (no gloves)
Will     .....                  (boots unavailable)
Stlth    +.........             (no amulet)
HPRegen  0.07/turn              f - +6 ring of dexterity
MPRegen  0.00/turn              (no ring)

@: flying
A: sickness immunity, fire resistance 2, cold vulnerability 1, float, innate
caster, hp casting, extra vitality 1
a: no special abilities


You were on level 1 of the Dungeon.
You visited 1 branch of the dungeon, and saw 1 of its levels.

You collected 11 gold pieces.

Inventory:

Missiles
 c - 5 boomerangs of dispersal
 d - 7 boomerangs
Armour
 a - a +0 leather armour (worn)
Jewellery
 f - a +6 ring of dexterity (left hand)
Scrolls
 b - a scroll of blinking
 e - a scroll of teleportation {unknown}
Potions
 g - a potion of mutation {unknown}


   Skills:
 - Level 2.0 Fighting
 - Level 0.7 Throwing
 - Level 1.0 Armour
 - Level 2.1 Dodging
 * Level 2.7 Unarmed Combat
 + Level 2.6 Spellcasting


You couldn't memorise any spells.
You knew the following spells:

 Your Spells              Type           Power      Damage    Failure   Level
b - Lesser Beckoning      Tloc           4%         N/A       30%         3
c - Gell's Gravitas       Tloc           4%         N/A       30%         3
d - Teleport Other        Tloc           9%         N/A       30%         3
e - Manifold Assault      Tloc           9%         N/A       96%         5
p - Blink                 Tloc           N/A        N/A       16%         2
Your spell library was empty.

Dungeon Overview and Level Annotations

Branches:
Dungeon (1/15)

Altars:


Innate Abilities, Weirdness & Mutations

You are immune to sickness and miasma.
You are immune to poison.
Your flesh is very heat resistant. (rF++)
You are vulnerable to cold. (rC-)
You float through the air rather than walking.
You learn spells naturally, not from books.
Your magical power is your life essence.
You have superior vitality. (+4 HP)


Message History

The quokka is almost dead.
The quokka bites you. The kobold hits you with a +0 whip.
You hit the quokka but do no damage.
The quokka is almost dead.
The quokka bites you but does no damage.
The kobold barely misses you. The quokka barely misses you.
You hit the quokka but do no damage.
The quokka is almost dead.
The kobold hits you with a +0 whip.
* * * LOW HITPOINT WARNING * * *
The quokka bites you.
* * * LOW HITPOINT WARNING * * *
You closely miss the quokka.
The quokka is almost dead.
The kobold hits you with a +0 whip.
* * * LOW HITPOINT WARNING * * *
The quokka misses you.
Your leather armour prevents you from hitting the quokka.
The quokka is almost dead.
The kobold barely misses you. The quokka bites you.
* * * LOW HITPOINT WARNING * * *
You closely miss the quokka.
The quokka is almost dead.
The quokka closely misses you. The kobold hits you but does no damage.
You miss the quokka.
The quokka is almost dead.
The quokka bites you but does no damage.
The kobold hits you but does no damage.
You hit the quokka.
You kill the quokka!
The kobold hits you with a +0 whip.
* * * LOW HITPOINT WARNING * * *
You hit the kobold.
The kobold is severely wounded.
The kobold hits you with a +0 whip.
* * * LOW HITPOINT WARNING * * *
You barely miss the kobold.
The kobold is severely wounded.
The kobold hits you with a +0 whip.
You die...

###.###...# ....# #...#
....... ##..#######
....(.. .........# ###
....... ......#### #..
.....). ......# #.#
......# ......# #.#
......# ###.####
####.###†.....#
.......###.....†@K.....#
###)##.....##..........#
...............##......#
......######....######.#
####......######.. #
..##....#... #..
#.##..#.....# ###
#.....#..#... ...##.# .#
..


You could see a kobold.

Vanquished Creatures
  2 ball pythons (D:1)
  3 endoplasms (D:1)
  A giant cockroach (D:1)
  A hobgoblin (D:1)
  2 quokkas (D:1)
  A bat (D:1)
  A frilled lizard (D:1)
  2 kobolds (D:1)
  A spectral hobgoblin (D:1)
14 creatures vanquished.

Notes
Turn   | Place    | Note
-------+----------+-------------------------------------------
     0 | D:1      | lunkers the Djinni Warper began the quest for the Orb.
     0 | D:1      | Reached XP level 1. HP: 18/18 MP: 0/0
   273 | D:1      | Found a faded altar of an unknown god.
   308 | D:1      | Reached XP level 2. HP: 14/23 MP: 0/0
   690 | D:1      | Slain by a kobold

Illustrated notes

Levels and vault maps discovered:
D:1:      dpeg_arrival_round_b, layout_rooms,
          dreamdust_ecumenical_altar_drowned_temple, hangedman_decor_push

Action                   || total
-------------------------++-------
Melee: Unarmed           ||    66
Armor: Leather armour    ||    21
Dodge: Dodged            ||    29

Table legend: (Time is in decaauts)
 A = Elapsed time spent in this place.
 B = Non-inter-level travel time spent in this place.
 C = Inter-level travel time spent in this place.
 D = Time resting spent in this place.
 E = Time spent auto-exploring this place.
 F = Levels seen in this place.
 G = Mean time per level.
                   A        B        C        D        E       F      G
               +--------+--------+--------+--------+--------+-----+--------+
         Total |    686 |    683 |      3 |      0 |    576 |   1 |  686.0 |
       Dungeon |    686 |    683 |      3 |      0 |    576 |   1 |  686.0 |
               +--------+--------+--------+--------+--------+-----+--------+

Top non-repeatable levels by time:
     D:1: 686 daAuts
